Workbook
Name _VM10: #REF!
Name _VM10: #REF!
Name _VM11: #REF!
Name _VM11: #REF!
Name _VM7: #REF!
Name _VM7: #REF!
Name _VM8: #REF!
Name _VM8: #REF!
Name _VM9: #REF!
Name _VM9: #REF!
Name A: #REF!
Name A: #REF!
Name A_IMPRESIÓN_IM: #REF!
Name A_IMPRESIÓN_IM: #REF!
Name AD: #REF!
Name AD: #REF!
Name AIU: #REF!
Name AIU: #REF!
Name Aº: [2]INSUMOS!#REF!
Name APLICA: '[1]INPUTS Y LISTAS'!$A$36
Name Área_de_Cantidades: #REF!
Name Área_de_Cantidades: #REF!
Name ASES: #REF!
Name ASES: #REF!
Name bASE: #REF!
Name bASE: #REF!
Name Base_datos_IM: #REF!
Name Base_datos_IM: #REF!
Name BASE_DE_DATOS: #REF!
Name BASE_DE_DATOS: #REF!
Name BuiltIn_Print_Area: #REF!
Name BuiltIn_Print_Area: #REF!
Name BuiltIn_Print_Area___0: #REF!
Name BuiltIn_Print_Area___0: #REF!
Name BuiltIn_Print_Titles: #REF!
Name BuiltIn_Print_Titles: #REF!
Name CALCULO: #REF!
Name CALCULO: #REF!
Name CALIFICACION: '[1]INPUTS Y LISTAS'!$A$39:$A$45
Name CD: #REF!
Name CD: #REF!
Name contrato: #REF!
Name contrato: #REF!
Name COPIA1: #REF!
Name COPIA1: #REF!
Name COPIA2: #REF!
Name COPIA2: #REF!
Name CRIT1: #REF!
Name CRIT1: #REF!
Name D: #REF!
Name D: #REF!
Name Datos: #REF!
Name Datos: #REF!
Name datos1: '[3]Base de Diseño'!$A$1:$D$204
Name datos2: '[4]Base de Diseño'!$AF$2:$AK$245
Name DATOS211111: #REF!
Name DATOS211111: #REF!
Name datos3: #REF!
Name datos3: #REF!
Name DATOS8555555555555555555555555555: #REF!

Sheet FORMATO 7 PROPUESTA ECONOMICA
E2: FORMATO
E3: FORMATO 7 PROPUESTA ECONOMICA
B4: Principio de Procedencia: 4501.092 | E4: Clave: GCON-1.0-12-112 | F4: Versión: 03 | L4: Fecha de aprobación: 28/12/2020
B5: OBJETO: ADQUIRIR MOBILIARIO PARA FACILITAR Y MEJORAR EL CONFORT Y LA EXPERIENCIA DE LOS USUARIOS EN LAS ÁREAS COMUNES DE LOS AEROPUERTOS A CARGO DE LA AERONAUTICA CIVIL
B6: ÍTEM | C6: DESCRIPCIÓN | F6: UNIDAD | H6: CANTIDAD | J6: VALOR UNITARIO | K6: IVA | L6: VALOR PARCIAL
B7: 1 | C7: Mesa rectangular con bisel en las cuatro esquinas exteriores, superficie en aglomerado RH de 25 mm enchapado en laminado de Alta presión F8 color blanco nieve 2102 y balance F5 en cara Inferior. Canto rígido 2mm en PVC blanco en todas sus caras. Bases y vigas en tubo rectangular de 3 x 1 1/2 "en acero Cold Rolled cal 16 con pintura en polvo de tipo de epóxico gris aluminizado; cuatro (4) Multitomas marca Addtam ref. 9 en 1 color blanco, empotradas en la superficie de la mesa (5 corriente directa, 3 USB y un servicio tipo C) incluye cableado. Ancho: 80 cm. Fondo: 460 cm (seccionar a 230 cm para obtener esta medida de largo, unidas mediante un sistema de anclaje, fácil de manipular) Altura: 75 cm. Incluye tres anclajes con chazo de expansión de 3/8 x 3" en cada pata de la base para fijar al suelo. | F7: UNIDAD | H7: =+'Cantidades por aeropuerto'!B11-'Cantidades por aeropuerto'!B5 -> 5 | L7: =(J7+K7)*H7 -> 0
B8: 1.1 | C8: Mesa rectangular con bisel en las cuatro esquinas exteriores, superficie en aglomerado RH de 25 mm enchapado en laminado de Alta presión F8 color blanco nieve 2102 y balance F5 en cara Inferior. Canto rígido 2mm en PVC blanco en todas sus caras. Bases y vigas en tubo rectangular de 3 x 1 1/2 "en acero Cold Rolled cal 16 con pintura en polvo de tipo de epóxico gris aluminizado; cuatro (4) Multitomas marca Addtam ref. 9 en 1 color blanco, empotradas en la superficie de la mesa (5 corriente directa, 3 USB y un servicio tipo C) incluye cableado. Ancho: 80 cm. Fondo: 460 cm (seccionar a 230 cm para obtener esta medida de largo, unidas mediante un sistema de anclaje, fácil de manipular) Altura: 75 cm. Incluye tres anclajes con chazo de expansión de 3/8 x 3" en cada pata de la base para fijar al suelo. (Leticia) | F8: UNIDAD | H8: =+'Cantidades por aeropuerto'!B5 -> 2 | K8: N/A | L8: =(J8)*H8 -> 0
B9: 2 | C9: Mesa rectangular con bisel en las cuatro esquinas exteriores, superficie en aglomerado RH de 25 mm enchapado en laminado de Alta presión F8 color blanco nieve 2102 y balance F5 en cara Inferior. Canto rígido 2mm en PVC blanco en todas sus caras. Bases y viga en tubo rectangular de 3 x 1 1/2 "en acero Cold Rolled cal 16 con pintura en polvo de tipo de epóxico gris aluminizado; tres (3) Multitomas marca Addtam ref. 9 en 1 color blanco, empotradas en la superficie de la mesa (5 corriente directa, 3 USB y un servicio tipo C) incluye cableado. Ancho: 50cm. Fondo: 440 cm (seccionar a 220 cm para obtener esta medida de largo, unidas mediante un sistema de anclaje, fácil de manipular) Altura: 75 cm. Incluye tres anclajes con chazo de expansión de 3/8 x 3" en cada pata de la base para fijar al suelo. | F9: UNIDAD | H9: =+'Cantidades por aeropuerto'!C11 -> 1 | L9: =(J9+K9)*H9 -> 0
B10: 3 | C10: Mesa redonda con superficie en aglomerado RH de 25 mm enchapada en laminado de alta presión F8 color blanco Nieve 2102 y balance F5 en cara Inferior. Canto PVC blanco 2mm Perimetral. Estructura de la base en tubo elíptico de 2", cold rolled calibre 16 recubiertas con pintura en polvo de aplicación electrostática de tipo epóxico, color gris aluminizado. Zapatones en poliuretano de alto impacto. Niveladores de 1/4". Diámetro: 80 cm. Altura: 74 cm. | F10: UNIDAD | H10: =+'Cantidades por aeropuerto'!D11 -> 48 | L10: =(J10+K10)*H10 -> 0
B11: 4 | C11: Silla ergonómica fabricada en polipropileno de alto impacto, carcasa azul oscuro, ideal para lugares comerciales o alto tráfico. Estructura con patas en acero y tapones de polipropileno. De fácil limpieza, alta resistencia al agua y a la exposición solar. Alto 80 cm / Ancho 45-53 cm/Profundidad fondo 56 cm. | F11: UNIDAD | H11: =+'Cantidades por aeropuerto'!E11-'Cantidades por aeropuerto'!E5 -> 258 | L11: =(J11+K11)*H11 -> 0
B12: 4.1 | C12: Silla ergonómica fabricada en polipropileno de alto impacto, carcasa azul oscuro, ideal para lugares comerciales o alto tráfico. Estructura con patas en acero y tapones de polipropileno. De fácil limpieza, alta resistencia al agua y a la exposición solar. Alto 80 cm / Ancho 45-53 cm/Profundidad fondo 56 cm. (Leticia) | F12: UNIDAD | H12: =+'Cantidades por aeropuerto'!E5 -> 24 | K12: N/A | L12: =(J12)*H12 -> 0
B13: 5 | C13: Compuesto por módulo con brazo izquierdo para formar esquina: Asiento y espaldar en Estructura fabricada en tubo rectangular de 3 x 1 1/2 "en acero Cold Rolled cal 16, recubiertas con pintura en polvo de aplicación electrostática de tipo epóxico, color gris aluminizado, tapizado con espuma densidad 40 (capacidad 120 kilos). Una (1) toma corriente referencia 110v Negro Espejo Con Usb + Tipo C ubicada en cara frontal a eje con el brazo. Textil referencia Rhino antifluido color azul Petróleo. Niveladores de 1/4". Fondo 78cm, Ancho 100cm, Altura total 70cm, altura asiento 45cm. Incluye anclajes metálicos para unión modular (1 en el lateral derecho, 1 en lateral izquierdo, 1 en cara posterior ubicados a eje central de cada cara). | F13: UNIDAD | H13: =+'Cantidades por aeropuerto'!F11 -> 34 | L13: =(J13+K13)*H13 -> 0
B14: 6 | C14: Compuesto por módulo con brazo derecho para formar esquina: Asiento y espaldar en Estructura fabricada en tubo rectangular de 3 x 1 1/2 "en acero Cold Rolled cal 16, recubiertas con pintura en polvo de aplicación electrostática de tipo epóxico, color gris aluminizado, tapizado con espuma densidad 40 (capacidad 120 kilos). Una (1) toma corriente referencia 110v Negro Espejo Con Usb + Tipo C ubicada en cara frontal a eje con el brazo. Textil referencia Rhino antifluido color azul Navi. Niveladores de 1/4". Fondo 78cm, Ancho 100cm, Altura total 70cm, altura asiento 45cm. Incluye anclajes metálicos para unión modular (1 en el lateral derecho, 1 en lateral izquierdo, 1 en cara posterior ubicados a eje central de cada cara). | F14: UNIDAD | H14: =+'Cantidades por aeropuerto'!G11 -> 34 | L14: =(J14+K14)*H14 -> 0
B15: 7 | C15: Estructura metálica y brazo fijos con pintura electrostática negra. Espaldar y asiento inyectado en polipropileno de alto impacto en color azul, sin tapizar, sujeción por tornillos. Número de puestos: 4 | F15: UNIDAD | H15: =+'Cantidades por aeropuerto'!H11 -> 8 | L15: =(J15+K15)*H15 -> 0
B16: 8 | C16: Base metálica fija para silla tipo bar, tubo redondo metálico de 4" calibre 14, base fijada al piso en lámina de 1/8, con cuatro perforaciones (chazo de expansión de 3/8 x 3"). En la parte superior de la base un soporte metálico soldado para recibir la concha o silla. La base pintada en pintura electrostática, color gris aluminizado. Espaldar y asiento inyectado en polipropileno de alto impacto en color azul, sin tapizar, sujeción por tornillos. | F16: UNIDAD | H16: =+'Cantidades por aeropuerto'!I11 -> 20 | L16: =(J16+K16)*H16 -> 0
B17: TOTAL PROYECTO | L17: =SUM(L7:L16) -> 0
B18: NOTA 1: Para diligenciar el presente formato se debe tener en cuenta lo siguiente: Se debe tener en cuenta las unidades de medidas y las cantidades a adquirir, además, se debe tener en cuenta si aplica o no el IVA (Leticia, San Andrés y Providencia están excentos).
B19: NOTA 2:Todos los items deben llegar al Almacén de la Aeronáutica Civil en la ciudad de Bogotá, y luego ubicarlos in situ. Incluir valores de transporte e instalación.
E20: FIRMA REPRESENTANTE LEGAL
E21: Nombre
E22: NIT
E23: Dirección
E24: Teléfonos, Fax
E25: Dirección Correo Electrónico
E26: Número Celular
E27: Ciudad
B29: Nota: Las cantidades que se cotizan en el presente documento, pueden surtir variaciones en el proceso definitivo de contratación.

Sheet Cantidades por aeropuerto
A3: Aeropuerto | B3: Item 1: Mesa rectangular 1 | C3: Item 2: Mesa rectangular 2 | D3: Item 3: Mesa redonda | E3: Item 4: Silla polipropileno | F3: Item 5: Sofá esquinero izq | G3: Item 6: Sofá esquinero der | H3: Item 7: Silla tandem | I3: Item 8: Silla tipo bar
A4: Ibagué | D4: 24 | E4: =24*4 -> 96 | F4: 18 | G4: 18
A5: Leticia | B5: 2 | E5: =12*2 -> 24
A6: Popayán | B6: 2 | E6: =12*2 -> 24 | F6: 4 | G6: 4
A7: Yopal | D7: 24 | E7: 96 | F7: 12 | G7: 12 | I7: 20
A8: Armenia | B8: 2 | E8: 24
A9: Guapi | B9: 1 | E9: 12 | H9: 8
A10: Mompox | C10: 1 | E10: 6
A11: TOTAL | B11: =SUM(B4:B10) -> 7 | C11: =SUM(C4:C10) -> 1 | D11: =SUM(D4:D10) -> 48 | E11: =SUM(E4:E10) -> 282 | F11: =SUM(F4:F10) -> 34 | G11: =SUM(G4:G10) -> 34 | H11: =SUM(H4:H10) -> 8 | I11: =SUM(I4:I10) -> 20
A15: mompox | B15: mesa | C15: 3811105 | D15: =+C15+C16 -> 8207803
B16: sillas | C16: =(615784+116999)*6 -> 4396698
A18: leticia | B18: mesa | C18: 7845124 | D18: =+C18+C19 -> 27179788
B19: silla | C19: 19334664
A21: ibague | B21: mesa red | C21: =+(1365597+259464)*24 -> 39001464
B22: silla | C22: =(615784+116999)*96 -> 70347168 | D22: =+C21+C22+C23+C24 -> 253006956
B23: sofa izq | C23: =+(3499976+664995)*18 -> 74969478
B24: sofa der | C24: =+(3206762+609285)*18 -> 68688846
A26: Popayan | B26: mesa | C26: =+(4746051+901750)*2 -> 11295602
B27: silla | C27: =(615784+116999)*24 -> 17586792 | D27: =+C26+C27+C28+C29 -> 60806466
B28: sofa izq | C28: =+(3499976+664995)*4 -> 16659884
B29: sofa der | C29: =+(3206762+609285)*4 -> 15264188
A31: yopal | B31: mesa red | C31: =+(1365597+259464)*24 -> 39001464
B32: silla | C32: =(615784+116999)*96 -> 70347168
B33: sofa izq | C33: =+(3499976+664995)*12 -> 49979652 | D33: =+C31+C32+C33+C34+C35 -> 224495788
B34: sofa der | C34: =+(3206762+609285)*12 -> 45792564
B35: altas | C35: =+(814073+154674)*20 -> 19374940
A37: Amenia | B37: mesa | C37: =+(4746051+901750)*2 -> 11295602 | D37: =+C37+C38 -> 28882394
B38: silla | C38: =(615784+116999)*24 -> 17586792
A40: Guapi | B40: mesa | C40: =+(4746051+901750)*2 -> 11295602
B41: silla | C41: =(615784+116999)*12 -> 8793396 | D41: =+C40+C41+C42 -> 39421398
B42: tandem | C42: =+(2030714+385836)*8 -> 19332400
D44: =+D41+D37+D33+D27+D22+D18+D15 -> 642000593

Sheet PRESUPUESTO OFICIAL
B2: FORMATO No. 7 PROPUESTA ECONOMICA PRESUPUESTO OFICIAL
B3: OBJETO: ADQUIRIR MOBILIARIO PARA FACILITAR Y MEJORAR EL CONFORT Y LA EXPERIENCIA DE LOS USUARIOS EN LAS ÁREAS COMUNES DE LOS AEROPUERTOS A CARGO DE LA AERONAUTICA CIVIL
B5: ITEM | C5: CONCEPTO | D5: UNIDAD | E5: CANTIDAD | F5: VALOR UNITARIO | G5: IVA | H5: TOTAL
B7: 1 | C7: Mesa rectangular blanca 80 cm | D7: UNIDAD | E7: =+'[1]Modelo Estadistico con IPC'!E16 -> 5 | F7: 4746051.3 | G7: 901749.74 | H7: =(F7+G7)*E7 -> 28239005
B8: 2 | C8: Mesa rectangular blanca 80 cm | D8: UNIDAD | E8: =+'[1]Modelo Estadistico con IPC'!E17 -> 2 | F8: ='[1]Modelo Estadistico con IPC'!AI17 -> 3922562 | G8: N/A | H8: =F8*E8 -> 7845124
B9: 3 | C9: Mesa rectangular blanca 50 cm | D9: UNIDAD | E9: =+'[1]Modelo Estadistico con IPC'!E18 -> 1 | F9: 3202609.2 | G9: 608495.76 | H9: =(F9+G9)*E9 -> 3811105
B10: 4 | C10: Mesa redonda blanca 80 cm | D10: UNIDAD | E10: =+'[1]Modelo Estadistico con IPC'!E19 -> 48 | F10: 1365597.5 | G10: 259463.52 | H10: =(F10+G10)*E10 -> 78002928
B11: 5 | C11: Silla polipropileno azul | D11: UNIDAD | E11: =+'[1]Modelo Estadistico con IPC'!E20 -> 258 | F11: 615784.03 | G11: 116998.97 | H11: =(F11+G11)*E11 -> 189058014
B12: 6 | C12: Silla polipropileno azul | D12: UNIDAD | E12: =+'[1]Modelo Estadistico con IPC'!E21 -> 24 | F12: ='[1]Modelo Estadistico con IPC'!AI21 -> 805611 | G12: N/A | H12: =F12*E12 -> 19334664
B13: 7 | C13: Sofá esquinero izquierdo | D13: UNIDAD | E13: =+'[1]Modelo Estadistico con IPC'!E22 -> 34 | F13: 3499975.6 | G13: 664995.37 | H13: =(F13+G13)*E13 -> 141609014
B14: 8 | C14: Sofá esquinero derecho | D14: UNIDAD | E14: =+'[1]Modelo Estadistico con IPC'!E23 -> 34 | F14: 3206762 | G14: 609284.78 | H14: =(F14+G14)*E14 -> 1.2974559e+08
B15: 9 | C15: Silla tandem 4 puestos azul | D15: UNIDAD | E15: =+'[1]Modelo Estadistico con IPC'!E24 -> 8 | F15: 2030714.2 | G15: 385835.69 | H15: =(F15+G15)*E15 -> 19332399
B16: 10 | C16: Silla tipo bar azul | D16: UNIDAD | E16: =+'[1]Modelo Estadistico con IPC'!E25 -> 20 | F16: 814072.64 | G16: 154673.8 | H16: =(F16+G16)*E16 -> 19374929
B17: COSTOS TOTALES | H17: =SUM(H7:H16) -> 6.3635277e+08
B18: IVA | F18: EXENTO | H18: 0
B19: TOTAL | H19: =H17+H18 -> 6.3635277e+08
